 Dungeon Crawl Stone Soup version 0.23.2-33-g5129a83184 (webtiles) character file.

Game seed: 15602862536091019733

739 dembora the Slasher (level 7, -7/55 HPs)
             Began as a Demonspawn Abyssal Knight on June 26, 2019.
             Was a Priest of Lugonu.
             Killed by divine providence
             ... invoked by an orc priest
              (10 damage)
             ... on level 5 of the Dungeon.
             The game lasted 00:40:04 (5927 turns).

dembora the Slasher (Demonspawn Abyssal Knight)     Turns: 5927, Time: 00:40:05

Health: -7/55      AC: 20    Str: 14    XL:     7   Next: 46%
Magic:  0/8        EV:  4    Int: 14    God:    Lugonu [***...]
Gold:   293        SH:  0    Dex: 12    Spells: 5/6 levels left

rFire    + . .     SeeInvis .   a - +1 falchion
rCold    + . .     Gourm    .   (no shield)
rNeg     + . .     Faith    .   z - +0 plate armour
rPois    .         Spirit   +   k - +0 helmet
rElec    .         Reflect  .   s - scarf {rC+ rF+}
rCorr    .         Harm     .   M - +1 pair of gloves
MR       .....                  (no boots)
Stlth    ..........             f - amulet of rage
HPRegen  0.18/turn              g - +3 ring of protection
MPRegen  0.22/turn              H - ring of positive energy

@: flying
A: molten scales 1, powered by pain 2, magic shield, magic regeneration
a: Depart the Abyss, Bend Space, Banish, Renounce Religion, Evoke Berserk Rage


You were on level 5 of the Dungeon.
You worshipped Lugonu.
Lugonu was most pleased with you.
You were not hungry.

You visited 1 branch of the dungeon, and saw 6 of its levels.
You visited the Abyss 1 time.
You also visited: Ossuary.

You collected 293 gold pieces.

Inventory:

Hand Weapons
 a - a +1 falchion (weapon)
 l - a +0 dagger
 t - a +2 dagger of speed
 v - a +1 dagger of venom
Missiles
 u - 3 tomahawks (quivered)
Armour
 b - a +0 leather armour
 k - a +0 helmet (worn)
 r - a +0 scale mail
 s - a scarf of resistance (worn)
 z - a +0 plate armour (worn)
 M - a +1 pair of gloves (worn)
Jewellery
 f - an amulet of rage (around neck)
 g - a +3 ring of protection (left hand)
 y - an uncursed amulet of the acrobat {unknown}
 H - a ring of positive energy (right hand)
Wands
 o - a wand of iceblast (6)
Scrolls
 d - a scroll of blinking {unknown}
 e - 2 scrolls of remove curse {unknown}
 j - 3 scrolls of amnesia
 p - a scroll of fog {unknown}
 x - 5 scrolls of random uselessness {unknown}
 C - a scroll of magic mapping {unknown}
 D - a scroll of noise {unknown}
Potions
 h - 10 potions of curing {unknown}
 i - 3 potions of haste
 m - 3 potions of flight
 n - 2 potions of invisibility {unknown}
 q - 2 potions of berserk rage {unknown}
 w - 3 potions of lignification {unknown}
 A - a potion of agility {unknown}
 B - a potion of mutation {unknown}
 E - a potion of brilliance {unknown}
 F - a potion of cancellation {unknown}
 G - a potion of magic {unknown}
 K - a potion of might
Comestibles
 c - 8 rations


   Skills:
 + Level 4.9 Fighting
 + Level 5.0 Long Blades
 + Level 4.0 Armour
 + Level 2.4 Dodging
 + Level 0.3 Stealth
 + Level 2.6 Invocations
 + Level 0.4 Evocations


You had 5 spell levels left.
You knew the following spells:

 Your Spells              Type           Power        Failure   Level  Hunger
a - Infusion              Chrm           #...         100%        1    ##.....

Your spell library contained the following spells:

 Spells                   Type           Power        Failure   Level  Hunger


Dungeon Overview and Level Annotations

Branches:
Dungeon (6/15)             Temple (0/1) D:5

Altars:
Hepliaklqana
Kikubaaqudgha
Nemelex Xobeh
Okawaru
Sif Muna
Vehumet
The Shining One


Innate Abilities, Weirdness & Mutations

You are partially covered in molten scales. (AC +2)
You sometimes gain power by taking damage.
When hurt, damage is shared between your health and your magic reserves.
You regenerate magic rapidly.


Message History

The orc priest hits you but does no damage.
The orc priest looks encouraged for a moment.
You closely miss the orc priest.
The orc priest hits you but does no damage.
The orc priest invokes the aid of Beogh against you.
Beogh smites you!
* * * LOW HITPOINT WARNING * * *
You hit the orc priest but do no damage.
The orc priest hits you but does no damage.
Space bends around you!
You blink.
The orc priest casts a cantrip, but nothing happens.
Okay, then.
The orc priest calls down the wrath of Beogh upon you.
You struggle to resist.
It was a potion of flight.
You feel very buoyant.
You fly up into the air.
The orc priest mumbles some strange prayers to Beogh against you.
Beogh smites you!
You die...

#.# #. #.# #. #.#..
###.## #.#.. #.....
#.#.. .#..... #.#..
....... #[#.. #.....##
#(>.. #.....@# #....
######.##.#########....
#.##.....†....<...
#.############.... #.#
#........† #o#
#.######## #l# #.# #o#
#.# #.##### #.#


You could see 2 orc priests and a frilled lizard.

Vanquished Creatures
  A wraith (Ossuary)
  A necrophage (D:5)
  2 big kobolds (D:3)
  A scorpion (D:5)
  4 orc wizards (D:5)
  An iguana (D:4)
  A worker ant (D:5)
  A mummy (Ossuary)
  A hound skeleton (D:3)
  4 adders
  A worm (D:3)
  3 dart slugs
  5 leopard geckos
  7 orcs
  6 bats
  2 giant cockroaches
  6 goblins
  3 hobgoblins
  10 jackals
  A quokka (D:3)
  2 frilled lizards (D:1)
  7 gnoll skeletons (Ossuary)
  9 kobolds
  5 kobold skeletons (Ossuary)
  13 orc skeletons (Ossuary)
  4 rats (D:1)
101 creatures vanquished.

Notes
Turn   | Place    | Note
-------+----------+-------------------------------------------
     0 | Abyss:1  | dembora the Demonspawn Abyssal Knight began the quest for
                  | the Orb.
     0 | Abyss:1  | Reached XP level 1. HP: 18/18 MP: 2/2
   141 | Abyss:1  | Noticed a ynoxinul
   142 | D:1      | Escaped the Abyss
   618 | D:1      | Reached * piety under Lugonu
   638 | D:1      | Gained mutation: When hurt, damage is shared between your
                  | health and your magic reserves. [demonic ancestry]
   638 | D:1      | Reached XP level 2. HP: 11/24 MP: 3/3
   921 | D:1      | Reached skill level 1 in Dodging
  1268 | D:2      | Reached skill level 2 in Long Blades
  1623 | D:2      | Gained mutation: You sometimes gain a little power by
                  | taking damage. [demonic ancestry]
  1623 | D:2      | Reached XP level 3. HP: 27/29 MP: 4/4
  2355 | D:3      | Gained mutation: You sometimes gain power by taking damage.
                  | [demonic ancestry]
  2355 | D:3      | Reached XP level 4. HP: 36/37 MP: 3/5
  2801 | D:3      | Found a glowing golden altar of the Shining One.
  2810 | D:3      | Found an iron altar of Okawaru.
  2844 | D:3      | Found a hazy altar of Hepliaklqana.
  3196 | D:3      | Reached ** piety under Lugonu
  3219 | D:3      | Noticed a big kobold
  3220 | D:3      | Noticed a big kobold
  3232 | D:3      | Killed a big kobold
  3232 | D:3      | Reached skill level 3 in Long Blades
  3232 | D:3      | Reached XP level 5. HP: 40/42 MP: 4/6
  3837 | D:4      | Gained mutation: You regenerate magic rapidly. [demonic
                  | ancestry]
  3837 | D:4      | Reached XP level 6. HP: 43/48 MP: 7/7
  3875 | D:4      | Found a sparkling altar of Nemelex Xobeh.
  4013 | D:4      | Found a radiant altar of Vehumet.
  4019 | D:4      | Found an ancient bone altar of Kikubaaqudgha.
  4021 | D:4      | Found a deep blue altar of Sif Muna.
  4028 | D:4      | Identified Sif Muna's Handbook of Talismans
  4097 | D:4      | Found a sand-covered staircase.
  4103 | Ossuary  | Entered an ossuary
  4103 | Ossuary  | Noticed a wraith
  4103 | Ossuary  | Noticed a wraith
  4103 | Ossuary  | Noticed a wraith
  4120 | Ossuary  | Learned a level 1 spell: Infusion
  4395 | Ossuary  | Reached skill level 4 in Long Blades
  4657 | Ossuary  | Noticed a wraith
  4677 | Ossuary  | Killed a wraith
  5376 | D:5      | Entered Level 5 of the Dungeon
  5434 | D:5      | Gained mutation: You are partially covered in molten
                  | scales. (AC +2) [demonic ancestry]
  5434 | D:5      | Reached XP level 7. HP: 51/55 MP: 8/8
  5507 | D:5      | Reached *** piety under Lugonu
  5546 | D:5      | Reached skill level 5 in Long Blades
  5642 | D:5      | Found a staircase to the Ecumenical Temple.
  5927 | D:5      | Killed from afar by an orc priest

Skill      XL: |  1  2  3  4  5  6  7 |
---------------+----------------------+-----
Dodging        | 1 2 |  2.4
Armour         | 2 3 4 |  4.0
Long Blades    | 2 3 4 5 |  5.0
Fighting       | 4 |  4.9
Stealth        | |  0.3
Invocations    | |  2.6
Evocations     | |  0.4

Action                   |  1- 3 |  4- 6 |  7- 9 || total
-------------------------+-------+-------+-------++-------
Melee: Falchion          |   114 |   236 |    75 ||   425
Invok: Depart the Abyss  |     1 |       |       ||     1
       Bend Space        |       |       |     2 ||     2
 Abil: Evoke Berserk Rag |       |     2 |       ||     2
  Use: Scroll            |     4 |     3 |     2 ||     9
       Potion            |       |       |     2 ||     2
  Eat: Chunk             |     1 |     4 |       ||     5
       Ration            |     1 |     3 |       ||     4
Armor: Leather armour    |    60 |       |       ||    60
       Scale mail        |     2 |   132 |       ||   134
       Plate armour      |       |    34 |    86 ||   120
Dodge: Dodged            |    83 |   133 |    17 ||   233
       Rpst.: Falchion   |    27 |    40 |     8 ||    75
